 Dungeon Crawl Stone Soup version 0.31-a0-360-gb3e1d13bf4 (webtiles) character file.

Game seed: 987927407618461862

68 LeprechaunX the Ruffian (level 4, 0/29 HPs)
             Began as an Octopode Shapeshifter on July 26, 2023.
             Slain by an orc
             ... wielding a +0 hand axe
              (3 damage)
             ... on level 3 of the Dungeon.
             The game lasted 00:01:19 (1505 turns).

LeprechaunX the Ruffian (Octopode Shapeshifter)     Turns: 1505, Time: 00:01:20

Health: 0/29       AC:  1    Str: 16    XL:     4   Next: 19%
Magic:  4/4        EV: 13    Int: 10    God:
Gold:   86         SH:  0    Dex: 12    Spells: 3/3 levels left

rFire   . .          .
                       - Unarmed
rCold   . . .        (no shield)
rNeg    . . .        (helmet currently unavailable)
rPois   .            (no amulet)
rElec   .            c - ring of willpower
rCorr   .            (no ring)
SInv    .            (no ring)
Will    +....        (no ring)
Stlth   ++           (no ring)
HPRegen 0.24/turn    (no ring)
MPRegen 0.09/turn    (no ring)
                     (no ring)

%: no passive effects
@: beast-form
A: beast (slay +2), almost no armour, amphibious, 8 rings, camouflage 1,
gelatinous body 1, (nimble swimmer 1), tentacles
a: Begin Untransformation


You were on level 3 of the Dungeon.
You were a hulking beast.
You visited 1 branch of the dungeon, and saw 3 of its levels.

You collected 86 gold pieces.

Inventory:

Jewellery
 c - a ring of willpower (left tentacle)
Talismans
 b - a beast talisman
Scrolls
 d - 4 scrolls of identify {unknown}
 g - a scroll of poison {unknown}
 i - a scroll of vulnerability {unknown}
 k - a scroll of teleportation {unknown}
Potions
 a - a potion of resistance {unknown}
 e - 2 potions of mutation {unknown}
 f - 2 potions of attraction {unknown}
 h - 2 potions of degeneration {unknown}
 j - a potion of ambrosia {unknown}


   Skills:
 + Level 1.9 Fighting
 + Level 2.5 Dodging
 * Level 3.8 Unarmed Combat
 + Level 3.3 Shapeshifting


You had 3 spell levels left.
You didn't know any spells.
Your spell library was empty.

Dungeon Overview and Level Annotations

Branches:
Dungeon (3/15)

Altars:


Innate Abilities, Weirdness & Mutations

You are a hulking beast.
Your limbs bulge with bestial killing power. (Slay +2)
You cannot wear most types of armour.
You are amphibious.
You can wear up to eight rings at the same time.
Your skin changes colour to match your surroundings (Stealth+).
Your rubbery body absorbs attacks. (AC +1, EV +1)
((You are camouflaged when in or above water. (Stealth+)))
You have tentacles for arms and can constrict up to eight enemies at once.


Message History

The endoplasm hits you but does no damage.
You bludgeon the endoplasm!
You kill the endoplasm!
No target in view!
No target in view!
No target in view!
No target in view!
No target in view!
No target in view!
HP restored.
Found a stone staircase leading up.
You see here the +0 war axe of Blood-Lust {flame, rF+}.
You open the door.
There is an open door here.
h - 2 fuming red potions (gained 1)
An orc comes into view. It is wielding a +0 trident.
An orc is nearby!
An orc comes into view.
It is wielding a +0 war axe and wearing a +3 leather armour of poison resistance.
An orc priest comes into view. It is wielding a +0 whip.
An orc comes into view. It is wielding a +0 hand axe.
Found a scroll labelled EREONT BEPPEPAEM and a blue potion.
There is an open door here.
The orc priest shouts!
The orc shouts! x2
The orc hits you but does no damage.
Found a ring mail.
The orc hits you with a +0 trident.
You tentacle-slap the orc priest but do no damage.
You grab the orc priest. You squeeze the orc priest!
The orc priest is severely wounded.
You constrict the orc priest.
The orc priest begins to cast a cantrip, but forgets the words!
The orc misses you. The orc hits you with a +0 hand axe.
You release your grip on the orc priest.
The orc hits you from afar with a +0 trident.
Unknown command.
The orc priest calls down the wrath of Beogh upon you.
Beogh smites you!
Ouch! That really hurt!
* * * LOW HITPOINT WARNING * * *
The orc hits you with a +0 hand axe.
You die...

#............####.#
#.........##......#
#.........##.######
#.........##..#
#.........###.#
#..........##.#
#.##..........##.#
#......####...##.#
######.#
#...##h####### ...#
#.# #...#..o?.!...
##.# #.#
#...#.oo...... .#.#
#.# #...#.o.......
.#.# #.#
#...#.........
.#.###.#
#...#.........
##.....#
#...#.........
########
#...#.........
......#
#...#.........


You could see an orc priest and 3 orcs.

Vanquished Creatures
  2 adders (D:2)
  A worm (D:2)
  2 dart slugs
  9 endoplasms
  A giant cockroach (D:2)
  2 hobgoblins
  3 jackals (D:2)
  4 kobolds
  2 quokkas (D:1)
  4 ball pythons
  3 bats
  2 frilled lizards
  2 goblins
  3 rats
40 creatures vanquished.

Notes
Turn   | Place    | Note
-------+----------+-------------------------------------------
     0 | D:1      | LeprechaunX the Octopode Shapeshifter began the quest for
                  | the Orb.
     0 | D:1      | Reached XP level 1. HP: 13/13 MP: 1/1
   237 | D:1      | Reached XP level 2. HP: 10/18 MP: 2/2
   680 | D:2      | Reached XP level 3. HP: 14/23 MP: 3/3
   732 | D:2      | HP: 1/23 [poisoned by an adder]
   949 | D:2      | Reached XP level 4. HP: 29/29 MP: 4/4
   964 | D:2      | Found a faded altar of an unknown god.
  1435 | D:3      | Identified the +0 war axe of Blood-Lust {flame, rF+}
  1505 | D:3      | Slain by an orc

Illustrated notes

Levels and vault maps discovered:
D:1:      giann_horns, layout_loops_cross
D:2:      layout_rooms, serial_rivers, chequers_serial_rivers_small_3,
          chequers_serial_rivers_small_a, chequers_serial_rivers_micro_e,
          chequers_serial_rivers_marsh, basic_ecumenical_altar
D:3:      layout_basic, nicolae_uskayaw_dance_hall,
          minmay_overflow_temple_star_quad

Action                     |  1- 3 |  4- 6 || total
---------------------------+-------+-------++-------
  Melee: Unarmed           |    57 |    15 ||    72
         Constrict         |    11 |     2 ||    13
         Tentacles         |    10 |     1 ||    11
         Punch             |     1 |       ||     1
    Use: Potion            |     1 |       ||     1
   Stab: Sleeping          |     7 |     3 ||    10
 Armour: Skin              |    12 |     4 ||    16
  Dodge: Dodged            |    45 |     5 ||    50

Table legend: (Time is in decaauts)
 A = Elapsed time spent in this place.
 B = Non-inter-level travel time spent in this place.
 C = Inter-level travel time spent in this place.
 D = Time resting spent in this place.
 E = Time spent auto-exploring this place.
 F = Levels seen in this place.
 G = Mean time per level.
                   A        B        C        D        E       F      G
               +--------+--------+--------+--------+--------+-----+--------+
         Total |   1499 |   1448 |     51 |    101 |   1130 |   3 |  499.7 |
       Dungeon |   1499 |   1448 |     51 |    101 |   1130 |   3 |  499.7 |
               +--------+--------+--------+--------+--------+-----+--------+

Top non-repeatable levels by time:
     D:2: 681 daAuts
     D:1: 666 daAuts
     D:3: 151 daAuts
